 Dungeon Crawl Stone Soup version 0.28.0-45-g0d030f2227 (webtiles) character file.

Game seed: 8839626272915192383

1433 McKennaii the Skirmisher (level 8, 0/64 HPs)
             Began as a Demonspawn Fighter on Apr 7, 2022.
             Killed from afar by a steam dragon (24 damage)
             ... with a ball of steam
             ... on level 6 of the Dungeon.
             The game lasted 00:12:15 (7475 turns).

McKennaii the Skirmisher (Demonspawn Fighter)       Turns: 7475, Time: 00:12:16

Health: 0/64       AC: 11    Str: 18    XL:     8   Next: 45%
Magic:  17/17      EV:  7    Int: 11    God:
Gold:   307        SH:  6    Dex: 18    Spells: 7/7 levels left

rFire   . . .      SeeInvis .   a - +0 trident
rCold   . . .      Faith    .   c - +0 buckler
rNeg    . . .      Spirit   .   t - +0 chain mail
rPois   .          Reflect  .   r - +0 helmet
rElec   .          Harm     .   (no cloak)
rCorr   .          Rampage  .   (no gloves)
Will    .....                   (no boots)
Stlth   ..........              (no amulet)
HPRegen 0.20/turn               p - +6 ring of dexterity
MPRegen 0.30/turn               s - ring of magical power

@: no status effects
A: foul stench 1, magic regeneration, weakness stinger 1
a: no special abilities


You were on level 6 of the Dungeon.
You visited 2 branches of the dungeon, and saw 7 of its levels.
You also visited: Sewer.

You collected 307 gold pieces.

Inventory:

Hand Weapons
 a - a +0 trident (weapon)
Armour
 c - a +0 buckler (worn)
 r - a +0 helmet (worn)
 t - a +0 chain mail (worn)
Jewellery
 p - a +6 ring of dexterity (left hand)
 q - a ring of see invisible
 s - a ring of magical power (right hand)
Wands
 b - a wand of iceblast (6)
 u - a wand of paralysis (2)
 v - a wand of polymorph (10)
Scrolls
 f - 2 scrolls of identify
 h - 3 scrolls of teleportation
 j - 3 scrolls of silence {unknown}
 k - 2 scrolls of enchant weapon {unknown}
 l - a scroll of enchant armour {unknown}
 n - 2 scrolls of blinking {unknown}
 w - a scroll of summoning {unknown}
Potions
 d - a potion of might
 e - 3 potions of flight
 g - 5 potions of curing
 i - 2 potions of attraction {unknown}
 m - a potion of magic
 o - 2 potions of brilliance


   Skills:
 + Level 5.9 Fighting
 + Level 5.1 Polearms
 + Level 5.4 Armour
 + Level 5.5 Shields


You had 7 spell levels left.
You didn't know any spells.
Your spell library contained the following spells:

 Spells                   Type           Power      Damage    Failure   Level
 Animate Skeleton         Necr           0%         N/A       99%         1
 Pain                     Necr           0%         1d4       99%         1
 Vampiric Draining        Necr           0%         2d6       100%        3


Dungeon Overview and Level Annotations

Branches:
Dungeon (6/15)             Temple (1/1) D:4           Sewer (visited)

Altars:
Ashenzari
Cheibriados
Dithmenos
Elyvilon
Fedhas
Hepliaklqana
Kikubaaqudgha
Nemelex Xobeh
Okawaru
Qazlal
Ru
Sif Muna
Trog
Uskayaw
Vehumet
Yredelemnul
Zin
The Shining One

Shops:
D:1 *([[[   D:4 (

Annotations:
D:5 1 runed translucent door, aloneDruid's ghost, novice DrGl


Innate Abilities, Weirdness & Mutations

You may rarely emit foul miasma when damaged in melee.
You regenerate magic rapidly.
You have a small tail.


Message History

The steam dragon is lightly wounded.
You are engulfed in a cloud of scalding steam.
You block the steam dragon's attack.
The steam dragon claws you but does no damage.
You barely miss the steam dragon.
You tail-slap the steam dragon, but do no damage.
The steam dragon is lightly wounded.
You are engulfed in a cloud of scalding steam.
The steam dragon bites you but does no damage.
You block the steam dragon's attack.
You hit the steam dragon.
The steam dragon is moderately wounded.
The steam dragon breathes steam at you. The ball of steam hits you!
You hit the steam dragon.
Your tail-slap misses the steam dragon.
The steam dragon is moderately wounded.
You are engulfed in a cloud of scalding steam.
The steam dragon bites you.
The steam dragon claws you but does no damage.
You are too injured to fight recklessly!
You are too injured to fight recklessly!
You barely miss the steam dragon.
The steam dragon is moderately wounded.
You block the steam dragon's attack. x2
Unknown command.
You closely miss the steam dragon.
The steam dragon is moderately wounded.
The steam dragon bites you but does no damage.
The steam dragon claws you but does no damage.
Unknown command.
You barely miss the steam dragon.
The steam dragon is moderately wounded.
The steam dragon bites you.
The steam dragon claws you but does no damage.
Unknown command.
You hit the steam dragon. You tail-slap the steam dragon.
The steam dragon is heavily wounded.
The steam dragon breathes steam at you. The ball of steam hits you!!
You die...

...... #. #. .....## ##.
. ......## ##.# #. #.#
#..###.## #.## #.#
#......# ..!
#.###.##.###
#.####.#####.....##.####
.......D##...####.......
.######@.#.#............
#......####..###..
#..##### #..#.... #..#
#..#.#.. #..# #...(...
#..# ####.### ..## #. #
#### # # #


You could see a steam dragon (catching breath).

Vanquished Creatures
  Prince Ribbit (D:6)
  A wyvern (D:6)
  A black bear (D:6)
  2 ogres
  A centaur (D:4)
  A phantom (D:6)
  2 kobold brigands (Sewer)
  3 scorpions
  A jelly (D:6)
  A centaur zombie (D:6)
  3 orc wizards
  A hound skeleton (D:5)
  Robin (D:2)
  5 adders
  A howler monkey skeleton (D:5)
  3 river rats
  An ufetubus (D:6)
  A worm (D:2)
  2 dart slugs (D:3)
  15 orcs
  4 endoplasms
  3 giant cockroaches
  12 goblins
  7 hobgoblins
  4 jackals
  5 quokkas
  6 ball pythons
  7 bats
  2 frilled lizards
  6 kobolds
  14 rats
117 creatures vanquished.

Vanquished Creatures (others)
  75 plants (D:2)
75 creatures vanquished.

Grand Total: 192 creatures vanquished

Notes
Turn   | Place    | Note
-------+----------+-------------------------------------------
     0 | D:1      | McKennaii the Demonspawn Fighter began the quest for the
                  | Orb.
     0 | D:1      | Reached XP level 1. HP: 18/18 MP: 1/1
    18 | D:1      | Found Noerips's General Store.
   250 | D:1      | Gained mutation: You regenerate magic rapidly. [demonic
                  | ancestry]
   250 | D:1      | Reached XP level 2. HP: 24/24 MP: 2/2
   256 | D:1      | Found Saheuhae's Armour Shoppe.
   367 | D:1      | Found Qocaec's Antique Armour Emporium.
   438 | D:1      | Found Jisar's Antique Weapon Emporium.
   452 | D:1      | Found Biociac's Armour Shop.
   721 | D:2      | Reached XP level 3. HP: 13/29 MP: 3/3
  2016 | D:2      | Noticed Robin
  2147 | D:2      | Killed Robin
  2148 | D:2      | Gained mutation: You may rarely emit foul miasma when
                  | damaged in melee. [demonic ancestry]
  2148 | D:2      | Reached XP level 4. HP: 13/35 MP: 4/4
  2703 | D:3      | Found a snail-covered altar of Cheibriados.
  3135 | D:3      | Gained mutation: You have a small tail. [demonic ancestry]
  3135 | D:3      | Reached XP level 5. HP: 42/42 MP: 5/5
  3590 | D:3      | Found a radiant altar of Vehumet.
  3679 | D:3      | Found a hazy altar of Hepliaklqana.
  3679 | D:3      | Found an ancient bone altar of Kikubaaqudgha.
  3727 | D:3      | Found a hide-covered altar of Uskayaw.
  4023 | D:4      | Noticed a centaur
  4029 | D:4      | Killed a centaur
  4030 | D:4      | Reached XP level 6. HP: 26/48 MP: 6/6
  4191 | D:4      | Found Rugoifips's Antique Weapon Shoppe.
  4293 | D:4      | Found a staircase to the Ecumenical Temple.
  4299 | Temple   | Entered the Ecumenical Temple
  4831 | D:5      | Entered Level 5 of the Dungeon
  5093 | D:5      | Found a runed translucent door.
  5452 | D:5      | Noticed aloneDruid's ghost (novice DrGl)
  6179 | D:6      | Reached XP level 7. HP: 54/55 MP: 7/7
  6271 | D:6      | Noticed Prince Ribbit
  6310 | D:6      | Found a glowing drain.
  6319 | D:6      | Killed Prince Ribbit
  6320 | D:6      | Reached skill level 5 in Fighting
  6395 | D:6      | Noticed a wyvern
  6404 | D:6      | Killed a wyvern
  6405 | D:6      | Reached skill level 5 in Shields
  6405 | D:6      | Reached XP level 8. HP: 42/63 MP: 8/8
  6446 | D:6      | Reached skill level 5 in Armour
  6610 | Sewer    | Entered a sewer
  7195 | D:6      | Reached skill level 5 in Polearms
  7475 | D:6      | Killed from afar by a steam dragon

Illustrated notes

Levels and vault maps discovered:
D:1:      amcnicky_arrival_underground_garden, layout_basic, serial_shops,
          nicolae_shop_crystal, nicolae_square_shop,
          nicolae_shop_window_shopping, shop, nicolae_diamond_shop,
          corexii_hall_statues_i
D:2:      layout_loops_ring, serial_bayou, serial_bayou_shore_a,
          serial_bayou_lagoon_a, serial_bayou_lagoon_b, serial_bayou_ford_a,
          uniq_robin
D:3:      layout_basic, nicolae_overflow_hidden_temple, fiery_altar_vehumet,
          nicolae_uskayaw_suspiria, old_standard_altar
D:4:      layout_basic, minmay_temple_entry_fiery, serial_shops, shop
D:5:      layout_basic, serial_corexii_hall, corexii_hall_statues_deadend,
          chequers_hall_statues_corner_a, ebering_ghost_sewer_d, grunt_decor_cap
D:6:      layout_loops_cross, general_overflow_altar, portal_sewer_entry_c,
          uniq_prince_ribbit1
Temple:   nicolae_temple_hex_pool

Skill      XL: |  1  2  3  4  5  6  7  8 |
---------------+-------------------------+-----
Polearms       | 2 3 4 5 |  5.1
Armour         | 3 4 5 |  5.4
Shields        | 3 4 5 |  5.5
Fighting       | 4 5 |  5.9

Action                   |  1- 3 |  4- 6 |  7- 9 || total
-------------------------+-------+-------+-------++-------
Melee: Trident           |   175 |   176 |   176 ||   527
       Tailslap          |       |    12 |    26 ||    38
Evoke: Wand              |       |     4 |       ||     4
  Use: Potion            |       |     4 |       ||     4
       Scroll            |       |     4 |       ||     4
 Stab: Paralysed         |       |     5 |       ||     5
Armor: Scale mail        |    54 |    41 |       ||    95
       Skin              |       |    10 |       ||    10
       Chain mail        |       |    30 |    95 ||   125
Dodge: Dodged            |    70 |    56 |    38 ||   164
Block: Buckler           |    31 |    33 |    42 ||   106
